[Event "Team 45 45 League T61"]
[Site "Internet Chess Club"]
[Date "2014.06.15"]
[Round "3"]
[White "otib2014"]
[Black "MasterD"]
[Result "0-1"]
[WhiteElo "1353"]
[BlackElo "1307"]
[Opening "English: Carls' Bremen system"]
[ECO "A22"]
[Time "10:00:25"]
[TimeControl "2700+45"]

1. c4 e5 2. Nc3 Nf6 3. g3 Nc6 4. Bg2 d6 5. d3 Be7 6. Nf3 O-O 7. O-O Bf5 8. e4
Bd7 9. b3 Qc8 10. Bb2 Bh3 11. Nd5 Bxg2 12. Kxg2 Qd7 13. b4 Nxd5 14. cxd5 Nxb4
15. a3 Na6 16. d4 f6 17. Nh4 c6 18. Nf5 Bd8 19. Qg4 Qc7 20. dxc6 bxc6 21. Rac1
g6 22. Ne3 Qc8 23. Qxc8 Rxc8 24. Rc2 Bb6 25. dxe5 fxe5 26. Nc4 Bc5 27. Rd2 Rcd8
28. Rfd1 Nc7 29. f3 Nb5 30. a4 Nd4 31. Bxd4 Bxd4 32. f4 Be3 33. Nxe3 exf4 34.
gxf4 Rxf4 35. Rxd6 Rxd6 36. Rxd6 Rxe4 37. Kf2 Rxa4 38. Rxc6 Ra2+ 39. Kg3 Ra3 40.
Kf2 Ra2+ 41. Kg1 Ra3 42. Nd5 Ra1+ 43. Kg2 Ra2+ 44. Kg3 Ra3+ 45. Kf4 Ra4+ 46. Ke3
Ra2 47. h4 Rh2 48. Rc4 Rh3+ 49. Kd2 Rh2+ 50. Kc1 Rh1+ 51. Kb2 Rh2+ 52. Kb3 Rh3+
53. Nc3 Rd3 54. Kb4 Rd6 55. Rc8+ Kg7 56. Rc7+ Kh6 57. Nb5 Ra6 58. Nxa7 Rb6+ 59.
Ka5 Rb1 60. Nb5 Ra1+ 61. Kb6 Ra4 62. Nd6 Rxh4 63. Nf7+ Kg7 64. Ne5+ Kg8 65. Rc8+
Kg7 66. Rc7+ Kg8 67. Nf7 Rf4 68. Nh6+ Kh8 69. Nf7+ Kg8 70. Nd6 Rf6 71. Kc6 Rf1
72. Rc8+ Rf8 73. Ne8 Kf7 74. Nd6+ Kg8 75. Rc7 Rf1 76. Rc8+ Rf8 77. Ne8 Kf7 78.
Nd6+ Kg8 79. Rc7 Rf1 80. Rc8+ Rf8 81. Ne8 Kf7 82. Kd7 h5 83. Nd6+ Kg7 84. Rc7
Kg8 85. Ne8 Rf7+ 86. Kd8 Rxc7 87. Kxc7 Kf7 88. Nd6+ Ke6 89. Ne4 Ke5 90. Nf2 h4
91. Kd7 g5 92. Ke7 Kf4 93. Kf6 g4 94. Kg6 g3 95. Nh3+ Kg4 96. Ng1 h3 97. Kf6 h2
{White resigns} 0-1

[Event "Team 45 45 League T61"]
[Site "Internet Chess Club"]
[Date "2014.06.13"]
[Round "3"]
[White "ILoveChess108"]
[Black "Leon13"]
[Result "1-0"]
[WhiteElo "1269"]
[BlackElo "1448"]
[Opening "English opening"]
[ECO "A10"]
[Time "14:00:10"]
[TimeControl "2700+45"]

1. c4 d5 2. cxd5 Qxd5 3. Nc3 Qd8 4. g3 Nc6 5. Bg2 Rb8 6. Nf3 e5 7. d3 Nf6 8. O-O
a6 9. Bg5 Be7 10. Rc1 O-O 11. a3 Be6 12. Nd2 Qd7 13. Re1 h6 14. Bxf6 Bxf6 15.
Nce4 Be7 16. Nc5 Bxc5 17. Rxc5 b6 18. Bxc6 Qe7 19. Rc1 Rbd8 20. Bg2 f5 21. Qc2
c5 22. Nc4 Qc7 23. Ne3 f4 24. Nc4 fxg3 25. hxg3 Rc8 26. Nd2 c4 27. Nxc4 b5 28.
Ne3 Qf7 29. Qd2 Qxf2+ 30. Kh1 Qxg3 31. Rxc8 Rxc8 32. Rf1 Qh4+ 33. Kg1 Qg5 34.
Rf3 Bd5 35. Nxd5 Qxd2 36. Ne7+ Kh8 37. Nxc8 Qxe2 38. Rf8+ Kh7 39. Be4+ g6 40.
Rf7+ Kg8 41. Bd5 Qe3+ 42. Kh1 Qh3+ 43. Kg1 Qg3+ 44. Kh1 Qe1+ 45. Rf1+ {Black
resigns} 1-0

[Event "Team 45 45 League T61"]
[Site "Internet Chess Club"]
[Date "2014.06.14"]
[Round "3"]
[White "Kandor"]
[Black "srikrish"]
[Result "1-0"]
[WhiteElo "1290"]
[BlackElo "1034"]
[Opening "French defense"]
[ECO "C00"]
[Time "18:00:34"]
[TimeControl "2700+45"]

1. e4 e6 2. Nf3 d5 3. d3 Nf6 4. Nbd2 Nc6 5. c3 b5 6. g3 e5 7. Bg2 Bg4 8. O-O b4
9. h3 Bh5 10. Kh2 Bc5 11. Qe2 O-O 12. a4 bxa3 13. bxa3 Rb8 14. Re1 Re8 15. a4 a5
16. Nf1 Rb3 17. Bb2 Qd6 18. g4 Bg6 19. Rab1 h6 20. N3d2 Rbb8 21. exd5 e4+ 22.
Kg1 exd3 23. Qd1 Rxe1 24. Qxe1 Qf4 25. dxc6 Bxf2+ 26. Qxf2 Qg5 27. Qa7 Rc8 28.
Qb7 Qc5+ 29. Kh2 Qd6+ 30. Ng3 Re8 31. Qb5 Re2 32. Nc4 Qf4 33. Rf1 Rf2 34. Bc1
Rxg2+ 35. Kxg2 Be4+ 36. Nxe4 Qxe4+ 37. Kg1 Qe2 38. Qb2 Qe4 39. Qb5 Nd5 40. Nd2
Qe3+ 41. Kh2 Qe5+ 42. Kh1 Qd6 43. Qxd3 Qxc6 44. Kg1 Nxc3 45. Re1 Nxa4 46. Ba3
Qb6+ 47. Kf1 Qf6+ 48. Qf5 Qa6+ 49. Kg1 Qb6+ 50. Kh2 Qb8 51. Qd7 c6+ 52. Kg2 Qb6
53. Re8+ Kh7 54. Qd3+ g6 55. Qd7 Kg7 56. Bf8+ Kg8 57. Bc5+ Kg7 58. Bxb6 Nxb6 59.
Qxc6 a4 60. Qxb6 a3 61. Nb3 a2 62. Qb7 a1=Q 63. Nxa1 h5 64. gxh5 gxh5 65. Re7
Kg6 66. Rxf7 Kg5 67. Qb5+ Kg6 68. Qe5 h4 69. Rf6+ Kg7 70. Qf5 Kg8 71. Qg5+ Kh7
72. Qxh4+ Kg7 73. Rf4 Kg6 74. Qf6+ Kh5 75. Rf5# {Black checkmated} 1-0

[Event "Team 45 45 League T61"]
[Site "Internet Chess Club"]
[Date "2014.06.17"]
[Round "3"]
[White "Aquaman"]
[Black "Toalla"]
[Result "1/2-1/2"]
[WhiteElo "1361"]
[BlackElo "1333"]
[Opening "Nimzovich-Larsen attack: classical variation"]
[ECO "A01"]
[Time "15:01:01"]
[TimeControl "2700+45"]

1. b3 d5 2. Bb2 e6 3. e3 Nf6 4. c4 Be7 5. cxd5 exd5 6. Nf3 Bg4 7. Be2 Nbd7 8.
O-O O-O 9. Nc3 c6 10. h3 Bxf3 11. Bxf3 Re8 12. Ne2 Bd6 13. Nd4 Be5 14. Rb1 Rc8
15. Be2 Bc7 16. Nf3 Nc5 17. b4 Nce4 18. d3 Nd6 19. a3 h6 20. Nh2 Nf5 21. Ng4
Nxg4 22. Bxg4 Qd7 23. Qf3 g6 24. Bxf5 Qxf5 25. Qxf5 gxf5 26. Rbe1 Be5 27. d4 Bh8
28. f4 Re4 29. Bc1 b6 30. Kf2 Kh7 31. Kf3 Rg8 32. Rg1 Rg6 33. Re2 Bf6 34. Rc2
Be7 35. g4 a6 36. Rgg2 fxg4+ 37. Rxg4 Rxg4 38. hxg4 Re6 39. f5 Rd6 40. e4 dxe4+
41. Kxe4 Bg5 42. Bb2 Bf6 43. Rc1 Kg8 44. Rc4 Kf8 45. a4 Ke7 46. Ba3 Kd7 47. b5
cxb5 48. axb5 axb5 49. Rb4 Kc6 {Game drawn by mutual agreement} 1/2-1/2

[Event "Team 45 45 League T61"]
[Site "Internet Chess Club"]
[Date "2014.06.13"]
[Round "3"]
[White "guyd52"]
[Black "semperfi"]
[Result "1-0"]
[WhiteElo "1350"]
[BlackElo "1363"]
[Opening "Réti: King's Indian attack (Barcza system)"]
[ECO "A07"]
[Time "20:00:15"]
[TimeControl "2700+45"]

1. Nf3 d5 2. g3 Nf6 3. Bg2 Bg4 4. d3 Nc6 5. O-O e5 6. Nbd2 Be7 7. c3 Qd7 8. e4
O-O-O 9. Qb3 h6 10. a4 Be6 11. Qc2 dxe4 12. dxe4 Qd3 13. Ne1 Qxc2 14. Nxc2 g5
15. b4 Bd6 16. Na3 Nd7 17. a5 a6 18. h3 Ne7 19. Ndc4 Kb8 20. Rd1 Nf6 21. Be3 g4
22. Kh2 gxh3 23. Bxh3 Bxh3 24. Kxh3 Nxe4 25. Kg2 Nxc3 26. Rdc1 Bxb4 27. Nxe5
Rhf8 28. Bxh6 Bxa3 29. Rxa3 Nb5 30. Bxf8 Nxa3 31. Bxe7 Re8 32. Bf6 Re6 33. Ng4
Nb5 34. Bg5 f5 35. Ne3 Nd4 36. Rc5 Rg6 37. Bf4 Ne6 38. Rxf5 Nxf4+ 39. Rxf4 Rg5
40. Rf5 Rxf5 41. Nxf5 c5 42. Ne3 b5 43. axb6 a5 44. Nc4 a4 45. f4 Kb7 46. f5 a3
47. Nxa3 Kxb6 48. f6 Kc6 49. f7 Kd7 50. f8=Q {Black resigns} 1-0

[Event "Team 45 45 League T61"]
[Site "Internet Chess Club"]
[Date "2014.06.17"]
[Round "3"]
[White "artspir"]
[Black "Conjurer"]
[Result "0-1"]
[WhiteElo "1272"]
[BlackElo "1214"]
[Opening "Queen's bishop game"]
[ECO "D02"]
[Time "15:06:23"]
[TimeControl "2700+45"]

1. d4 d5 2. Nf3 Nf6 3. Bf4 e6 4. e3 Be7 5. Nbd2 c5 6. c3 O-O 7. Bd3 c4 8. Bc2 b5
9. O-O Nc6 10. Ne5 Bb7 11. Ndf3 Ne4 12. Nxc6 Bxc6 13. Ne5 Rc8 14. f3 Nf6 15. b3
a5 16. bxc4 bxc4 17. Rb1 Be8 18. Rb7 Nh5 19. Bg3 f6 20. Ng4 Nxg3 21. hxg3 Bc6
22. Rb1 Rb8 23. Qe2 Qc7 24. Kf2 Bd6 25. f4 e5 26. Rh1 g6 27. Nh6+ Kg7 28. Qg4 e4
29. Qh4 Kh8 30. Rxb8 Qxb8 31. Ng8 h5 32. g4 Kxg8 33. gxh5 g5 34. Qg4 Qb2 35.
Qe6+ Rf7 36. h6 Qxc2+ 37. Kg3 gxf4+ 38. exf4 Qxc3+ 39. Kg4 Bd7 40. h7+ Kh8 41.
Qxd7 Rxd7 42. Rh6 Rg7+ 43. Kf5 Qxd4 44. Rxf6 Be7 45. Rc6 Kxh7 46. g4 e3 47. g5
Qe4+ 48. Kg4 Rxg5+ 49. Kh4 Qxf4+ {White resigns} 0-1

[Event "Team 45 45 League T61"]
[Site "Internet Chess Club"]
[Date "2014.06.16"]
[Round "3"]
[White "jadelamere"]
[Black "RobertBuice"]
[Result "0-1"]
[WhiteElo "984"]
[BlackElo "1093"]
[Opening "QGD Slav: 3.Nf3"]
[ECO "D11"]
[Time "18:31:26"]
[TimeControl "2700+45"]

1. d4 d5 2. c4 c6 3. Nf3 Nf6 4. Bf4 Bg4 5. Nbd2 Qa5 6. e3 e6 7. Bd3 Bxf3 8. Qxf3
Bb4 9. Qe2 Bxd2+ 10. Qxd2 Qxd2+ 11. Kxd2 Ne4+ 12. Bxe4 dxe4 13. c5 O-O 14. Bd6
Re8 15. b4 Nd7 16. Kc3 b5 17. a4 a5 18. axb5 axb4+ 19. Kxb4 Rxa1 20. Rxa1 f5 21.
Ra7 Nf6 22. b6 Nd5+ 23. Kc4 Nxe3+ 24. Kc3 Nd1+ 25. Kc4 Nxf2 26. b7 e3 27. Ra8 e2
28. Rxe8+ Kf7 29. Rf8+ Kg6 30. b8=Q e1=Q 31. Qe8+ Kh6 32. Rxf5 Qc1+ 33. Kb3 Qb1+
34. Kc4 Qxf5 35. Qxc6 Ne4 36. Kb4 Nf6 37. Be5 Qb1+ 38. Ka5 Qe1+ 39. Kb6 Nd5+ 40.
Kb7 Qb1+ 41. Kc8 Ne7+ 42. Kc7 Nxc6 43. Kxc6 Qe4+ 44. Kd6 Kg5 45. Ke7 Qxg2 46.
Kxe6 Qc6+ 47. Bd6 Kg4 48. d5 Kf3 49. Ke5 Qe8+ 50. Kd4 Qe3+ 51. Kc4 Ke4 52. c6
Qd4+ 53. Kb5 Kxd5 54. c7 Qc4+ 55. Ka5 Kxd6 56. Kb6 Qc6+ 57. Ka5 Qxc7+ 58. Kb4
Qc2 59. h4 Kc6 60. h5 Qc5+ 61. Kb3 Kb5 62. h6 gxh6 63. Kb2 Kb4 64. Kb1 Kb3 65.
Ka1 Qg1# {White checkmated} 0-1

[Event "Team 45 45 League T61"]
[Site "Internet Chess Club"]
[Date "2014.06.16"]
[Round "3"]
[White "KingOfClubs"]
[Black "tamky70"]
[Result "0-1"]
[WhiteElo "1413"]
[BlackElo "1391"]
[Opening "Petrov three knights game"]
[ECO "C26"]
[Time "14:00:16"]
[TimeControl "2700+45"]

1. e4 Nf6 2. Nc3 e5 3. Nf3 d6 4. Bc4 Bg4 5. d3 Be7 6. Bxf7+ Kxf7 7. Ng5+ Kf8 8.
Qxg4 Nxg4 9. Ne6+ Kg8 10. Nxd8 Bxd8 11. h3 Nf6 12. Bg5 Nc6 13. O-O h6 14. Bh4
Nd4 15. Rac1 Nh5 16. Bg3 Nf4 17. Bxf4 exf4 18. f3 c6 19. Kh2 Bf6 20. Nd1 Be5 21.
c3 Ne2 22. Rb1 c5 23. Rf2 Ng3 24. d4 cxd4 25. cxd4 Bxd4 26. Rd2 Be5 27. Rd5 Nf1+
28. Kg1 Ng3 29. Nf2 h5 30. Nd3 Ne2+ 31. Kf2 Nd4 32. Nxe5 dxe5 33. Rxe5 Nc6 34.
Rf5 Rf8 35. Rb5 Rb8 36. Rc1 a6 37. Rb6 Rh6 38. Rd1 Na5 39. Rb4 Rc6 40. Rbd4 Rc2+
41. R4d2 Rbc8 42. b4 Rxd2+ 43. Rxd2 Nc6 44. a3 Rd8 45. Ra2 Kf7 46. g3 fxg3+ 47.
Kxg3 Ne5 48. Kf4 Nd3+ 49. Ke3 Ne5 50. Kf4 Kf6 51. Kg3 Rd3 52. Kg2 Rxf3 53. Rf2
Rxf2+ 54. Kxf2 g5 55. Ke3 Nc4+ 56. Kd4 Nxa3 57. e5+ Ke6 {White resigns} 0-1

[Event "Team 45 45 League T61"]
[Site "Internet Chess Club"]
[Date "2014.06.15"]
[Round "3"]
[White "Tribe97"]
[Black "stantheman59"]
[Result "1/2-1/2"]
[WhiteElo "1330"]
[BlackElo "1239"]
[Opening "French: Tarrasch, Guimard variation"]
[ECO "C04"]
[Time "18:01:50"]
[TimeControl "2700+45"]

1. d4 e6 2. e4 d5 3. Nd2 Nc6 4. Ngf3 Bb4 5. e5 Nge7 6. c3 Ba5 7. Nb3 O-O 8. Nxa5
Nxa5 9. Bd3 c5 10. Bxh7+ Kxh7 11. Ng5+ Kg8 12. Qh5 Re8 13. Qxf7+ Kh8 14. Qh5+
Kg8 15. Qh7+ Kf8 16. Qh8+ Ng8 17. Qh5 Nh6 18. h4 Ke7 19. Qg6 Kd7 20. Qxg7+ Re7
21. Qxh6 cxd4 22. cxd4 Nc6 23. Be3 Qa5+ 24. Bd2 Qb5 25. Bc3 b6 26. O-O-O Ba6 27.
Qf6 Qe2 28. Qf3 Qxf3 29. Nxf3 Be2 30. Rde1 Bxf3 31. gxf3 Rf8 32. Rh3 b5 33. a3
a5 34. b4 axb4 35. Bxb4 Nxd4 36. Bxe7 Kxe7 37. Re3 Nf5 38. Rb3 Nd4 39. Rb4 Ne2+
40. Kd2 Ng1 41. Rg3 Nxf3+ 42. Ke2 Nxe5 43. Rxb5 Ra8 44. h5 Nc6 45. h6 Nd4+ 46.
Kf1 Nxb5 47. a4 Nd6 48. h7 Nf7 49. Rg7 Kf6 50. Rg8 Rxa4 51. h8=Q+ Nxh8 52. Rxh8
Ke7 53. Rb8 Ra5 54. Rb7+ Kf6 55. Rb6 Ra4 56. Rb8 d4 57. Rb3 e5 {Game drawn by
mutual agreement} 1/2-1/2

[Event "Team 45 45 League T61"]
[Site "Internet Chess Club"]
[Date "2014.06.15"]
[Round "3"]
[White "arconia"]
[Black "wildangels"]
[Result "1-0"]
[WhiteElo "1304"]
[BlackElo "1059"]
[Opening "Scandinavian (center counter) defense"]
[ECO "B01"]
[Time "10:00:20"]
[TimeControl "2700+45"]

1. e4 d5 2. e5 Bf5 3. d4 c6 4. Nf3 e6 5. Be2 Nd7 6. O-O Be7 7. Be3 b5 8. a3 a5
9. h3 Nb6 10. Nh2 f6 11. f4 Qc7 12. Bg4 Nc4 13. Bf2 Nh6 14. Bxf5 Nxf5 15. Qe2
Nxb2 16. exf6 gxf6 17. Qxe6 Qxf4 18. Ng4 Nxd4 19. Bxd4 Qxd4+ 20. Kh1 Kd8 21. c3
Qd3 22. Re1 Ra7 23. Nxf6 Bxf6 24. Qxf6+ Kc7 25. Qxh8 Kb6 26. a4 Nd1 27. Qd8+ Kc5
28. Qf8+ Kb6 29. Na3 Qxc3 30. Rexd1 Rg7 31. Qd8+ Kc5 32. Rdc1 Kd4 33. Qf6+ Kd3
34. Rxc3+ Kd2 35. Qxg7 Ke2 {Black resigns} 1-0

[Event "Team 45 45 League T61"]
[Site "Internet Chess Club"]
[Date "2014.06.15"]
[Round "3"]
[White "jaybird44"]
[Black "rhayder"]
[Result "0-1"]
[WhiteElo "1133"]
[BlackElo "1263"]
[Opening "King's Indian: Zinnowitz variation"]
[ECO "A48"]
[Time "17:13:31"]
[TimeControl "2700+45"]

1. d4 Nf6 2. Nf3 g6 3. Bg5 Bg7 4. c4 d6 5. Nc3 O-O 6. e4 Bg4 7. Be2 Bxf3 8. Bxf3
Nbd7 9. O-O c5 10. Re1 Qb6 11. Qd2 cxd4 12. Nb5 a6 13. Nxd4 e5 14. Nb3 Rac8 15.
Be3 Nc5 16. Nxc5 dxc5 17. b4 Qxb4 18. Qxb4 cxb4 19. Be2 Nxe4 20. Rac1 Nc3 21.
Rc2 Nxe2+ 22. Rexe2 Rfd8 23. Rc1 Rd3 24. Rb2 Rcd8 25. g3 a5 26. Bb6 Ra8 27. Re1
f6 28. Kf1 a4 29. Rxb4 Bf8 30. Rbb1 Ra3 31. Rb2 Rc3 32. Re4 Ba3 33. Rb5 Rc2 34.
Bc7 Rxa2 35. Rxb7 Bc5 36. Rb5 Bxf2 37. c5 a3 38. Bb6 Rc2 39. c6 a2 40. Re2 Rxe2
41. Kxe2 Bxb6 42. Rxb6 a1=Q 43. c7 Qa2+ 44. Kd3 Qd5+ 45. Kc3 Qc5+ {White
resigns} 0-1

[Event "Team 45 45 League T61"]
[Site "Internet Chess Club"]
[Date "2014.06.17"]
[Round "3"]
[White "backrankbrawler"]
[Black "Packerfan"]
[Result "1-0"]
[WhiteElo "1837"]
[BlackElo "1832"]
[Opening "Trompowsky attack (Ruth, Opocenský opening)"]
[ECO "A45"]
[Time "09:00:18"]
[TimeControl "2700+45"]

1. d4 Nf6 2. Bg5 d5 3. Bxf6 gxf6 4. e3 Nc6 5. c4 dxc4 6. Bxc4 e6 7. Nh3 Rg8 8.
Nf4 Bd6 9. g3 Qe7 10. Qh5 Rg7 11. Qh6 Qf8 12. Nh5 Rg6 13. Nxf6+ Kd8 14. Qxf8+
Bxf8 15. Nh5 Bd7 16. Nc3 Na5 17. Bd3 Rh6 18. Nf4 Bc6 19. Be4 Bxe4 20. Nxe4 Nc4
21. O-O-O Nd6 22. Ng5 Ke7 23. h4 Bg7 24. Nf3 Ne4 25. Rhf1 c6 26. g4 Rf6 27. Ng5
Nxg5 28. hxg5 Rxf4 29. exf4 Rd8 30. f5 Bxd4 31. f6+ Ke8 32. Rh1 Bxf2 33. Rxd8+
Kxd8 34. Kd2 Bg3 35. Ke3 e5 36. Rxh7 Ke8 37. Rh8+ Kd7 38. Rf8 Bf4+ 39. Ke4 Ke6
40. Re8+ Kd6 41. Re7 Bxg5 42. Rxf7 b5 43. Rf8 Ke6 44. f7 Be7 45. Ra8 Kxf7 46.
Rxa7 Ke6 47. Rxe7+ Kxe7 48. Kxe5 b4 49. Kd4 Kf6 50. Kc5 Kg5 51. Kxc6 Kxg4 52.
Kc5 b3 53. axb3 Kf5 54. b4 Ke6 55. Kc6 Ke7 56. Kc7 {Black resigns} 1-0

[Event "Team 45 45 League T61"]
[Site "Internet Chess Club"]
[Date "2014.06.14"]
[Round "3"]
[White "tryanything"]
[Black "amicusUK"]
[Result "1/2-1/2"]
[WhiteElo "1583"]
[BlackElo "1612"]
[Opening "Queen's pawn"]
[ECO "A40"]
[Time "05:23:34"]
[TimeControl "2700+45"]

1. d4 e6 2. Bf4 d5 3. Nf3 Bd6 4. Bg3 b6 5. e3 Bb7 6. Bd3 Nf6 7. Nbd2 c5 8. c3
O-O 9. Bxd6 Qxd6 10. O-O Nbd7 11. Re1 Ne4 12. Nf1 Ndf6 13. N3d2 Rac8 14. f3 Nxd2
15. Nxd2 cxd4 16. exd4 a6 17. Re3 b5 18. a3 Nd7 19. Qe2 Nb6 20. Nb3 Nd7 21. Rf1
Rce8 22. f4 f5 23. Nd2 Nf6 24. Rg3 Ne4 25. Rh3 g6 26. g3 Rf7 27. Nf3 Nf6 28. Ne5
Rg7 29. Rf2 Ree7 30. Rh6 Kf8 31. Kf1 Ke8 32. Qf3 Kd8 33. Ke1 Kc7 34. h3 Qd8 35.
g4 Qe8 36. Qe2 Bc8 37. Kd2 Ne4+ 38. Bxe4 dxe4 39. Ke3 Kb8 40. g5 Bb7 41. h4 Bd5
42. h5 gxh5 43. Rxh5 Qc8 44. Rfh2 Bc4 45. Qf2 a5 46. Qh4 Qc7 47. Qe1 Bb3 48. Qe2
Qb7 49. Qd2 Rc7 50. Rh6 Qc8 51. Qe2 Qb7 52. Rf6 Ka7 53. Qd2 Qc8 54. Rfh6 Qa6 55.
Qe1 Qb6 56. Rf6 Qb7 57. Rhh6 {Game drawn by mutual agreement} 1/2-1/2

[Event "Team 45 45 League T61"]
[Site "Internet Chess Club"]
[Date "2014.06.11"]
[Round "3"]
[White "burnsy"]
[Black "clarinetref"]
[Result "0-1"]
[WhiteElo "1629"]
[BlackElo "1625"]
[Opening "Robatsch (modern) defense"]
[ECO "B06"]
[Time "22:06:24"]
[TimeControl "2700+45"]

1. e4 g6 2. Nf3 d6 3. Bc4 e6 4. c3 c5 5. d4 cxd4 6. cxd4 Bg7 7. O-O Nf6 8. Re1
O-O 9. Bg5 Qc7 10. Na3 Nxe4 11. Rxe4 d5 12. Bxd5 exd5 13. Rc1 Qb6 14. Re2 Bg4
15. Rd2 Nc6 16. Nc2 Rfe8 17. b3 Re6 18. Be3 Bf8 19. h3 Bf5 20. Nh4 Bxc2 21.
Rdxc2 Ba3 22. Qg4 Bxc1 23. Bxc1 Nxd4 24. Rd2 Re1+ 25. Kh2 Qc7+ 26. g3 Re4 27.
Qd1 Rxh4 28. Rxd4 Rxd4 29. Qxd4 Qxc1 30. Qxd5 Qb2 31. Kg2 Qxa2 32. Qxb7 Re8 33.
Qd7 Qe2 34. Qxa7 Qe4+ 35. Kg1 Qe6 36. Qa4 Qe1+ 37. Kg2 Qe4+ {White resigns} 0-1

[Event "Team 45 45 League T61"]
[Site "Internet Chess Club"]
[Date "2014.06.14"]
[Round "3"]
[White "PostMike"]
[Black "losscause"]
[Result "1/2-1/2"]
[WhiteElo "1450"]
[BlackElo "1586"]
[Opening "Caro-Kann: Steinitz variation"]
[ECO "B17"]
[Time "14:31:26"]
[TimeControl "2700+45"]

1. e4 c6 2. d4 d5 3. Nc3 dxe4 4. Nxe4 Nd7 5. Bc4 Ngf6 6. Nxf6+ Nxf6 7. Nf3 Qc7
8. Ne5 e6 9. O-O Bd6 10. f4 h5 11. a3 Nd7 12. b4 Bxe5 13. fxe5 a5 14. Qf3 Nb6
15. Ba2 axb4 16. axb4 Nd5 17. Bd2 Qe7 18. Qb3 b5 19. c4 bxc4 20. Qxc4 Bd7 21.
Bb3 Rxa1 22. Rxa1 O-O 23. Qc5 Qxc5 24. bxc5 Rb8 25. Bc2 Kf8 26. Ra2 Kg8 {Game
drawn by mutual agreement} 1/2-1/2

[Event "Team 45 45 League T61"]
[Site "Internet Chess Club"]
[Date "2014.06.15"]
[Round "3"]
[White "misuc56"]
[Black "xt"]
[Result "1-0"]
[WhiteElo "1818"]
[BlackElo "1669"]
[Opening "Queen's gambit declined"]
[ECO "D30"]
[Time "17:10:10"]
[TimeControl "2700+45"]

1. d4 d5 2. c4 e6 3. e3 Nf6 4. Nc3 a6 5. Nf3 Nbd7 6. Bd2 dxc4 7. Bxc4 b5 8. Be2
Bb7 9. O-O Be7 10. a3 O-O 11. Rc1 Rc8 12. h3 c5 13. dxc5 Nxc5 14. Na2 Bd5 15.
Nb4 Bb3 16. Qe1 a5 17. Nc2 Nd3 18. Bxd3 Qxd3 19. Ncd4 Bc4 20. Nh2 a4 21. Bb4 Nd5
22. Bxe7 Nxe7 23. Qd1 Rfd8 24. Qxd3 Bxd3 25. Rfd1 Bc4 26. Nhf3 Kf8 27. Rd2 Rd5
28. Rdc2 Rcd8 29. Ne1 e5 30. Ndf3 f6 31. e4 R5d6 32. Rc3 Nc6 33. Kh2 Na5 34. Nc2
Nb3 35. Re1 Rd3 36. Re3 Rd1 37. Re1 Nd2 38. Nxd2 R1xd2 39. f3 Bb3 40. Rc1 Re2
41. Ne3 Rxb2 42. Rc5 Rdd2 43. h4 Bc4 44. Rc3 Rd3 45. Rxd3 Bxd3 46. h5 g6 47. h6
b4 48. axb4 Rxb4 49. Rc8+ Kf7 50. Rc7+ Kf8 51. Rxh7 Rb6 52. Ra7 Ra6 53. h7 Rxa7
54. h8=Q+ {Black resigns} 1-0

[Event "Team 45 45 League T61"]
[Site "Internet Chess Club"]
[Date "2014.06.16"]
[Round "3"]
[White "SugarIslander"]
[Black "Constrictor"]
[Result "0-1"]
[WhiteElo "1659"]
[BlackElo "1689"]
[Opening "Budapest: Rubinstein variation"]
[ECO "A52"]
[Time "17:05:26"]
[TimeControl "2700+45"]

1. d4 Nf6 2. c4 e5 3. dxe5 Ng4 4. Bf4 Nc6 5. Nf3 Bb4+ 6. Nbd2 Qe7 7. a3 Ngxe5 8.
Nxe5 Nxe5 9. e3 Bxd2+ 10. Qxd2 d6 11. Be2 O-O 12. O-O b6 13. Rac1 Bb7 14. b4 a5
15. Bg3 Nd7 16. f3 axb4 17. axb4 Ra3 18. Rc3 Rfa8 19. Rxa3 Rxa3 20. Bf2 Qe5 21.
Rc1 Ba6 22. e4 Ra1 23. b5 Bb7 24. g3 f5 25. exf5 Rxc1+ 26. Qxc1 Qxe2 27. Qe3
Qxe3 28. Bxe3 Bxf3 29. Kf2 Bg4 {White resigns} 0-1

[Event "Team 45 45 League T61"]
[Site "Internet Chess Club"]
[Date "2014.06.12"]
[Round "3"]
[White "supermessi"]
[Black "mongmong"]
[Result "0-1"]
[WhiteElo "1531"]
[BlackElo "1620"]
[Opening "Nimzo-Indian: three knights variation"]
[ECO "E21"]
[Time "20:04:50"]
[TimeControl "2700+45"]

1. d4 e6 2. c4 Nf6 3. Nc3 Bb4 4. Nf3 b6 5. e3 Bb7 6. Be2 O-O 7. O-O Bxc3 8. bxc3
d6 9. Ba3 Nbd7 10. Qc2 c5 11. Rfd1 Qe7 12. Ng5 h6 13. Nf3 e5 14. Nh4 Rfd8 15.
Nf5 Qf8 16. dxe5 Nxe5 17. Qd2 Ba6 18. f4 Nxc4 19. Qc1 g6 20. Ng3 Qe7 21. Nf1 d5
22. Bf3 Nxa3 23. Qxa3 Bxf1 24. Kxf1 Qxe3 25. Qb3 Qxf4 26. Kg1 Rab8 27. Bxd5 Nxd5
28. Rxd5 Rxd5 29. Qxd5 Qe3+ 30. Kh1 Qxc3 31. Rf1 Rf8 32. h3 Qd4 33. Qb3 c4 34.
Qb4 a5 35. Qa4 Qc5 36. Rc1 Rc8 37. Rc3 Qb4 38. Qc2 b5 39. h4 Qc5 40. a3 b4 41.
axb4 axb4 42. Rg3 Rc6 43. Qc1 Kg7 44. Rf3 c3 45. Qf4 Qe7 46. Qd4+ f6 47. Re3 Re6
48. Rxe6 Qxe6 49. Qa7+ Qf7 50. Qc5 Qb7 51. Kh2 b3 52. g4 b2 53. g5 hxg5 54. hxg5
fxg5 55. Qd4+ Kh7 56. Qxc3 Qb8+ 57. Kg2 b1=Q 58. Qh3+ Kg7 59. Qc3+ Kf8 60. Qc5+
Ke8 61. Qc6+ Ke7 62. Qc5+ Qd6 63. Qe3+ Kd7 64. Qa7+ Kc6 65. Qa6+ Qb6 66. Qc4+
Qbc5 67. Qa4+ Kd5 68. Qb3+ Ke5 69. Qb2+ Qdd4 70. Qb8+ Kf5 71. Qg3 Qd2+ 72. Kh3
Qcc3 73. Qxc3 Qxc3+ 74. Kg2 Kf4 75. Kh2 Kg4 76. Kh1 Qb2 77. Kg1 Kf3 78. Kh1 Kf2
79. Kh2 Qb3 80. Kh1 Qh3# {White checkmated} 0-1

[Event "Team 45 45 League T61"]
[Site "Internet Chess Club"]
[Date "2014.06.15"]
[Round "3"]
[White "oldsj"]
[Black "smsxman"]
[Result "0-1"]
[WhiteElo "1578"]
[BlackElo "1424"]
[Opening "Ruy Lopez: old Steinitz defense"]
[ECO "C62"]
[Time "11:00:23"]
[TimeControl "2700+45"]

1. e4 e5 2. Nf3 Nc6 3. Bb5 d6 4. d4 exd4 5. Qxd4 Bd7 6. Bxc6 Bxc6 7. Nc3 Nf6 8.
Bg5 Be7 9. O-O-O O-O 10. Rhe1 Bd7 11. Kb1 a6 12. h3 Re8 13. g4 Be6 14. Nh4 h6
15. Bxf6 Bxf6 16. e5 Bxh4 17. exd6 cxd6 18. Ne4 Be7 19. f4 d5 20. Ng3 Bf6 21.
Qd3 Qb6 22. b3 Qb4 23. f5 Bd7 24. Nh5 Rxe1 25. Rxe1 Qxe1+ {White resigns} 0-1

[Event "Team 45 45 League T61"]
[Site "Internet Chess Club"]
[Date "2014.06.16"]
[Round "3"]
[White "AdithJosh"]
[Black "bluesun"]
[Result "0-1"]
[WhiteElo "1386"]
[BlackElo "1471"]
[Opening "Ruy Lopez: 5.O-O"]
[ECO "C78"]
[Time "20:00:49"]
[TimeControl "2700+45"]

1. e4 e5 2. Nf3 Nc6 3. Bb5 a6 4. Ba4 Nf6 5. O-O g6 6. Re1 Bg7 7. Bxc6 dxc6 8.
Nxe5 Be6 9. Nc3 Qd6 10. Nf3 Ng4 11. h3 Ne5 12. d3 Nxf3+ 13. Qxf3 Be5 14. Bg5 Bd7
15. Rad1 c5 16. Nd5 O-O 17. Be7 Qe6 18. Bxf8 Rxf8 19. Nf4 Qxa2 20. d4 cxd4 21.
Nd3 Bd6 22. e5 Bc6 23. Qf6 Bc5 24. Nxc5 Qxb2 25. e6 fxe6 26. Qxe6+ Kh8 27. Qe5+
Kg8 28. Qxd4 Qxc2 29. Re7 Rf7 30. Qh8+ Kxh8 31. Rd8+ Kg7 32. Ne6+ Kf6 33. Rxf7+
Kxf7 34. Ng5+ Ke7 35. Rg8 Qc1+ {White resigns} 0-1

[Event "Team 45 45 League T61"]
[Site "Internet Chess Club"]
[Date "2014.06.16"]
[Round "3"]
[White "chesscharm"]
[Black "ethan0627"]
[Result "0-1"]
[WhiteElo "1241"]
[BlackElo "1409"]
[Opening "Four knights: Italian variation"]
[ECO "C47"]
[Time "14:00:25"]
[TimeControl "2700+45"]

1. e4 e5 2. Nf3 Nc6 3. Nc3 Nf6 4. Bc4 Nxe4 5. Nxe4 d5 6. Bd3 dxe4 7. Bxe4 Bd7 8.
O-O Bd6 9. d4 O-O 10. dxe5 Nxe5 11. Nxe5 Bxe5 12. Qh5 f5 13. Bg5 Bf6 14. Bd5+
Kh8 15. f4 Be8 16. Qf3 Bxg5 17. fxg5 Qxg5 18. Bxb7 Rb8 19. Qa3 Bb5 20. Rf3 c6
21. Qxa7 Qe7 22. Qa3 Qxa3 23. Rxa3 Rxb7 24. h3 Bc4 25. b3 Bd5 26. Re1 h6 27. c4
Bg8 28. Kh2 Rbb8 29. Re7 Rfe8 30. Rd7 Ra8 31. Rxa8 Rxa8 32. a4 Rb8 33. Kg3 Rxb3+
34. Kf4 Rb4 35. Kxf5 Rxa4 36. Kg6 Ra6 37. Rc7 Bxc4 38. Rc8+ Bg8 39. Rc7 c5+ 40.
Kh5 Rd6 41. g4 Rd5+ 42. Kg6 Rg5# {White checkmated} 0-1